Unix NetHack Version 3.7.0-89 Work-in-progress - last build Nov 3 2023 05:48:50 (ea8ed35e81eded05176fbf39db35bf4bcaa3adb9,branch:master). Game began 2023-11-12 22:39:40, ended 2023-11-12 23:17:12. Anerag, neutral male human Monk ----- |...| |..f| |..<| |(@.| |...| -.--- 1 Anerag the Initiate St:15 Dx:17 Co:12 In:9 Wi:16 Ch:10 Neutral Dlvl:8 $:0 HP:0(51) Pw:51(51) AC:1 Xp:7 T:3799 Latest messages: You stumble into a spider web! The cave spider bites! You kill the cave spider! You disentangle yourself. You see here a clear potion. You see here a clear potion. H - a clear potion. You hit the cave spider! You kill the cave spider! You see here a cave spider corpse. The cave spider misses! You kill the cave spider! You see here a cave spider corpse. You see here a black naga hatchling corpse. You miss wildly and stumble forwards. You harmlessly attack the staircase down. You kill the leprechaun! You hear convulsive ravings. You stop. Eris is in the way! You see here a black naga hatchling corpse. You descend the stairs. The jaguar just misses! The jaguar misses! The jaguar bites! The jaguar hits! The jaguar hits again! The jaguar misses! You hit the jaguar! Eris misses the jaguar. The jaguar hits! The jaguar misses! The jaguar bites! The jaguar hits! The jaguar misses! The jaguar bites! You kill the jaguar! Eris eats a jaguar corpse. You see here a large box. Hmmm, the large box turns out to be locked. In what direction? 4 You kick a locked large box. THUD! You break open the lock! You trigger a trap! You are jolted by a surge of electricity! Your wand of teleportation breaks apart and explodes! Your wand of light breaks apart and explodes! Your wand called create monster breaks apart and explodes! You die... Do you want your possessions identified? [ynq] (y) q Inventory: Weapons v - 6 uncursed poisoned +1 orcish arrows s - 9 uncursed poisoned +0 orcish arrows (in quiver) u - 11 uncursed poisoned corroded +2 orcish arrows Armor X - an uncursed +0 orcish helm (being worn) a - an uncursed +2 pair of leather gloves (being worn) p - an uncursed +0 pair of iron shoes (being worn) b - an uncursed +1 robe (being worn) Comestibles g - 3 uncursed food rations x - an uncursed food ration Scrolls z - 2 uncursed scrolls of enchant weapon C - an uncursed scroll of enchant weapon B - a blessed scroll of gold detection G - an uncursed scroll of identify I - a cursed scroll of identify A - a blessed scroll of light d - an uncursed scroll of light Spellbooks J - an uncursed spellbook of force bolt Potions S - a blessed potion of blindness D - an uncursed potion of confusion q - 2 cursed potions of enlightenment i - an uncursed potion of fruit juice k - an uncursed potion of hallucination f - a blessed potion of healing e - 2 uncursed potions of healing o - an uncursed potion of invisibility r - a cursed potion of invisibility t - a blessed potion of levitation h - an uncursed potion of object detection U - an uncursed potion of see invisible H - an uncursed potion of water Rings M - an uncursed ring of free action Tools j - an uncursed oil lamp l - an uncursed oil lamp Gems/Stones n - an uncursed luckstone Anerag the Monk's attributes: Background: You were an Initiate, a level 7 male human Monk. You were neutral, on a mission for Chih Sung-tzu who was opposed by Shan Lai Ching (lawful) and Huan Ti (chaotic). You were in the Dungeons of Doom, on level 8. You entered the dungeon 3799 turns ago. It was nighttime. There was a new moon in effect when your adventure ended. You had 1015 experience points, 265 more were needed to attain level 8. Basics: You had 0 out of 51 hit points. You had all 51 energy points (spell power). Your armor class was 1. Your wallet was empty. Autopickup was on for '$' plus thrown. Final Characteristics: Your strength was 15 (limit:18/100). Your dexterity was 17 (limit:18). Your constitution was 12 (limit:18). Your intelligence was 9 (limit:18). Your wisdom was 16 (limit:18). Your charisma was 10 (limit:18). Final Status: You weren't hungry. You were unencumbered. You were empty handed. You were skilled in martial arts. Final Attributes: You were piously aligned. You were sleep resistant. You were poison resistant. You saw invisible. You were warned. You were stealthy. You were guarded. You were fast. You were lucky. You had extra luck. Bad luck did not time out for you. Good luck did not time out for you. You are dead. Miscellaneous: You disabled loading of bones levels. Total elapsed playing time was 37 minutes and 32 seconds. Major events: Turn 1: Anerag the neutral male human Monk entered the dungeon 783: entered the Gnomish Mines 1205: attained the rank of Novice (level 3) 2609: attained the rank of Initiate (level 6) 3799: killed by an electric shock Vanquished creatures: 18 leprechauns a jaguar a dwarf leader 8 Uruk-hai 2 rock piercers a rock mole a shrieker 2 violet fungi a gnome leader a black naga hatchling a guardian naga hatchling 2 gray oozes a straw golem 2 giant ants a floating eye 2 homunculi a kobold leader a rothe 2 rabid rats a centipede 2 orc zombies a dwarf zombie a wererat an iguana 2 killer bees an acid blob a coyote 2 hobgoblins 3 giant rats 8 cave spiders a yellow mold 4 geckos 8 jackals a fox a kobold 3 goblins a grid bug 3 lichens 3 kobold zombies 5 newts 102 creatures vanquished. No species were genocided or became extinct. Voluntary challenges: You were vegetarian. You never hit with a wielded weapon. You read items or engraved 6 times. You never engraved Elbereth. You never genocided any monsters. You never polymorphed an object. You never changed form. You used no wishes. Achievements: You entered the Gnomish Mines. You attained the rank of Novice. You attained the rank of Initiate. The Dungeons of Doom: levels 1 to 8 Level 1: Level 2: Many fountains. Level 3: A fountain, a sink. Stairs down to The Gnomish Mines. Level 4: A fountain. Level 5: An altar, a grave. Level 6: "gold" Some fountains. Level 7: Many fountains. Oracle of Delphi. Level 8: <- You were here. Final resting place for you, killed by an electric shock. The Gnomish Mines: Level 4: Game over: ---------- / \ / REST \ / IN \ / PEACE \ / \ | Anerag | | 0 Au | | killed by an | | electric shock | | | | | | 2023 | *| * * * | * _________)/\\_//(\/(/\)/\//\/|_)_______ Goodbye Anerag the Monk... You died in The Dungeons of Doom on dungeon level 8 with 4420 points, and 0 pieces of gold, after 3799 moves. You were level 7 with a maximum of 51 hit points when you died.